 Dungeon Crawl Stone Soup version 0.29-a0-887-gcbe080d7e0 (webtiles) character file.

Game seed: 9989232582160150654

284 jimonade the Magician (level 6, -3/44 HPs)
             Began as a Gnoll Hedge Wizard on July 21, 2022.
             Was an Initiate of Okawaru.
             Slain by a gnoll bouda
             ... wielding a +0 club
              (8 damage)
             ... on level 4 of the Dungeon.
             The game lasted 00:12:49 (6609 turns).

jimonade the Magician (Gnoll Hedge Wizard)          Turns: 6609, Time: 00:12:50

Health: -3/44      AC: 14    Str: 11    XL:     6   Next: 29%
Magic:  16/16      EV:  6    Int: 13    God:    Okawaru [......]
Gold:   149        SH:  0    Dex: 12    Spells: 16/19 levels left

rFire   + + .      SeeInvis .   a - +4 spear
rCold   . . .      Faith    .   (no shield)
rNeg    + . .      Spirit   .   M - +2 chain mail {rF+}
rPois   .          Reflect  .   y - +0 helmet
rElec   .          Harm     .   (no cloak)
rCorr   .          Rampage  .   (no gloves)
Will    .....                   L - +2 pair of boots
Stlth   ..........              J - amulet of magic regeneration
HPRegen 0.14/turn               f - ring of positive energy
MPRegen 0.55/turn               g - ring of protection from fire

@: no status effects
A: fangs 1, strong nose, distributed training
a: Renounce Religion


You were on level 4 of the Dungeon.
You worshipped Okawaru.
Okawaru was noncommittal.
You visited 2 branches of the dungeon, and saw 5 of its levels.

You collected 149 gold pieces.

Inventory:

Hand Weapons
 a - a +4 spear (weapon)
 b - a +0 sling
 k - a +0 short sword
 s - a +0 hand axe
 u - a +0 dagger
 O - a +2 vorpal hand axe
Missiles
 l - 21 stones
 C - 3 silver javelins
 D - 6 curare-tipped darts
 H - 4 boomerangs
 I - 4 javelins
Armour
 c - a +0 hat
 o - a +0 leather armour
 p - a +0 robe
 r - a +0 ring mail
 y - a +0 helmet (worn)
 E - a +0 chain mail
 L - a +2 pair of boots (worn)
 M - a +2 chain mail of fire resistance (worn)
 N - a +0 robe of cold resistance
Jewellery
 f - a ring of positive energy (left hand)
 g - a ring of protection from fire (right hand)
 J - an amulet of magic regeneration (around neck)
Wands
 z - a wand of mindburst (9)
Scrolls
 j - 6 scrolls of identify {unknown}
 n - 2 scrolls of immolation {unknown}
 q - a scroll of butterflies {unknown}
 v - 2 scrolls of enchant armour {unknown}
 x - a scroll of poison {unknown}
 A - a scroll of blinking {unknown}
 B - a scroll of fear {unknown}
 F - 2 scrolls of teleportation {unknown}
Potions
 d - a potion of magic
 e - a potion of mutation {unknown}
 h - a potion of brilliance {unknown}
 i - a potion of heal wounds {unknown}
 m - 5 potions of curing {unknown}
 t - a potion of lignification {unknown}
 w - a potion of invisibility {unknown}
 G - a potion of resistance {unknown}
 K - a potion of attraction {unknown}


   Skills:
 + Level 2.0 Fighting
 + Level 2.0 Short Blades
 + Level 2.0 Long Blades
 + Level 2.0 Axes
 + Level 2.0 Maces & Flails
 + Level 2.0 Polearms
 + Level 2.0 Staves
 + Level 2.0 Ranged Weapons
 + Level 2.0 Throwing
 + Level 2.0 Armour
 + Level 5.0 Dodging
 + Level 4.6 Stealth
 + Level 2.0 Shields
 + Level 2.0 Unarmed Combat
 + Level 7.4 Spellcasting
 + Level 2.6 Conjurations
 + Level 1.5 Hexes
 + Level 2.6 Summonings
 + Level 1.5 Necromancy
 + Level 2.6 Translocations
 + Level 1.5 Transmutations
 + Level 1.5 Fire Magic
 + Level 1.5 Ice Magic
 + Level 1.5 Air Magic
 + Level 1.5 Earth Magic
 + Level 1.5 Poison Magic
 + Level 2.2 Invocations
 + Level 2.0 Evocations


You had 16 spell levels left.
You knew the following spells:

 Your Spells              Type           Power      Damage    Failure   Level
a - Magic Dart            Conj           44%        1d5       95%         1
b - Blink                 Tloc           22%        N/A       98%         2

Your spell library contained the following spells:

 Spells                   Type           Power      Damage    Failure   Level
 Slow                     Hex            32%        N/A       99%         1
 Conjure Flame            Conj/Fire      10%        6-21      100%        3
 Mephitic Cloud           Conj/Pois/Air  9%         N/A       100%        3
 Call Imp                 Summ           Unusable   N/A       N/A         2

Dungeon Overview and Level Annotations

Branches:
Dungeon (4/15)             Temple (1/1) D:4

Altars:
Ashenzari
Cheibriados
Dithmenos
Elyvilon
Fedhas
Gozag
Hepliaklqana
Kikubaaqudgha
Makhleb
Nemelex Xobeh
Okawaru
Qazlal
Ru
Trog
Vehumet
Wu Jian
Xom
Yredelemnul
Zin
The Shining One


Innate Abilities, Weirdness & Mutations

You have very sharp teeth.
Your uncanny sense of smell can sniff out nearby items.
Your experience applies equally to all skills.


Message History

There is a stone staircase leading up here.
You hit the gnoll bouda but do no damage.
The gnoll bouda barks out a call to the hunt!
The gnoll picks up the pace!
The gnoll barely misses you.
You closely miss the gnoll bouda.
The gnoll bouda hits you with a +0 club.
The gnoll hits you with a +0 flail!
You hit the gnoll bouda but do no damage.
You bite the gnoll bouda, but do no damage.
The gnoll bouda hits you but does no damage.
The gnoll hits you with a +0 flail.
You completely miss the gnoll bouda. Your bite misses the gnoll bouda.
The gnoll bouda hits you with a +0 club!
The gnoll barely misses you.
You are too injured to fight recklessly!
You are too injured to fight recklessly!
You are too injured to fight recklessly!
You barely miss the gnoll.
The gnoll bouda hits you but does no damage.
The gnoll hits you with a +0 flail.
* * * LOW HITPOINT WARNING * * *
You hit the gnoll. Your bite misses the gnoll.
The gnoll is moderately wounded.
The gnoll bouda calls upon its god to heal the gnoll.
The gnoll's wounds heal themselves!
The gnoll hits you but does no damage.
You hit the gnoll.
The gnoll is lightly wounded.
Your attacks no longer feel as feeble.
The gnoll bouda hits you but does no damage.
The gnoll hits you with a +0 flail!
* * * LOW HITPOINT WARNING * * *
You hit the gnoll.
The gnoll is severely wounded.
The gnoll bouda barely misses you. The gnoll barely misses you.
You puncture the gnoll!
You kill the gnoll!
Okawaru accepts your kill.
The gnoll bouda hits you with a +0 club!
You die...

....#.............#
....#.............#
#####..)..........#
.........###'#....#
........>#...#....#
.........#...#....#
.........#...#..).#
.........#...#...)#
.........#...#.g@.#
.........#...((...#
###################
.........#
.........#
#'####..###########
#..###............#
#........#........#
#........#........#


You could see a gnoll bouda.

Vanquished Creatures
  3 orc wizards
  5 adders
  4 gnolls
  3 worms
  5 dart slugs
  14 orcs
  8 endoplasms
  4 giant cockroaches
  8 goblins
  7 hobgoblins
  6 jackals
  5 quokkas
  4 ball pythons
  5 bats
  3 frilled lizards
  11 kobolds
  13 rats
108 creatures vanquished.

Notes
Turn   | Place    | Note
-------+----------+-------------------------------------------
     0 | D:1      | jimonade the Gnoll Hedge Wizard began the quest for the
                  | Orb.
     0 | D:1      | Reached XP level 1. HP: 13/13 MP: 8/8
   330 | D:1      | Reached XP level 2. HP: 19/19 MP: 5/10
   773 | D:1      | Found a faded altar of an unknown god.
   928 | D:1      | Reached XP level 3. HP: 25/25 MP: 11/11
  1303 | D:2      | Reached skill level 1 in Invocations
  1561 | D:2      | Reached skill level 1 in Fighting
  1561 | D:2      | Reached skill level 1 in Short Blades
  1561 | D:2      | Reached skill level 1 in Long Blades
  1561 | D:2      | Reached skill level 1 in Axes
  1561 | D:2      | Reached skill level 1 in Maces & Flails
  1561 | D:2      | Reached skill level 1 in Polearms
  1561 | D:2      | Reached skill level 1 in Staves
  1561 | D:2      | Reached skill level 1 in Ranged Weapons
  1561 | D:2      | Reached skill level 1 in Throwing
  1561 | D:2      | Reached skill level 1 in Armour
  1561 | D:2      | Reached skill level 1 in Shields
  1561 | D:2      | Reached skill level 1 in Unarmed Combat
  1561 | D:2      | Reached skill level 1 in Evocations
  1727 | D:1      | Learned a level 2 spell: Blink
  1869 | D:2      | Reached XP level 4. HP: 32/32 MP: 13/13
  2145 | D:2      | Reached skill level 1 in Hexes
  2145 | D:2      | Reached skill level 1 in Necromancy
  2145 | D:2      | Reached skill level 1 in Transmutations
  2145 | D:2      | Reached skill level 1 in Fire Magic
  2145 | D:2      | Reached skill level 1 in Ice Magic
  2145 | D:2      | Reached skill level 1 in Air Magic
  2145 | D:2      | Reached skill level 1 in Earth Magic
  2145 | D:2      | Reached skill level 1 in Poison Magic
  2812 | D:3      | Reached XP level 5. HP: 28/37 MP: 14/14
  4477 | D:4      | Found a staircase to the Ecumenical Temple.
  4487 | Temple   | Entered the Ecumenical Temple
  4932 | Temple   | Became a worshipper of Warmaster Okawaru
  5484 | D:3      | Reached XP level 6. HP: 31/44 MP: 16/16
  6204 | D:4      | Reached skill level 5 in Dodging
  6609 | D:4      | Slain by a gnoll bouda

Illustrated notes

Levels and vault maps discovered:
D:1:      amcnicky_arrival_feature_with_door, layout_rooms,
          hellmonk_ecumenical_altar_defaced_shrine, reono_crystal_passage
D:2:      layout_loops_ring, st_stairs_5
D:3:      layout_basic
D:4:      layout_gridville, minmay_temple_entry_mist
Temple:   mainiacjoe_temple_big_plus

Skill      XL: |  1  2  3  4  5  6 |
---------------+-------------------+-----
Conjurations   | 2 |  2.6
Summonings     | 2 |  2.6
Translocations | 2 |  2.6
Invocations    | 1 2 |  2.2
Fighting       | 1 2 |  2.0
Short Blades   | 1 2 |  2.0
Long Blades    | 1 2 |  2.0
Axes           | 1 2 |  2.0
Maces & Flails | 1 2 |  2.0
Polearms       | 1 2 |  2.0
Staves         | 1 2 |  2.0
Ranged Weapons | 1 2 |  2.0
Throwing       | 1 2 |  2.0
Armour         | 1 2 |  2.0
Shields        | 1 2 |  2.0
Unarmed Combat | 1 2 |  2.0
Evocations     | 1 2 |  2.0
Hexes          | 1 |  1.5
Necromancy     | 1 |  1.5
Transmutations | 1 |  1.5
Fire Magic     | 1 |  1.5
Ice Magic      | 1 |  1.5
Air Magic      | 1 |  1.5
Earth Magic    | 1 |  1.5
Poison Magic   | 1 |  1.5
Dodging        | 5 |  5.0
Stealth        | |  4.6
Spellcasting   | |  7.4

Action                   |  1- 3 |  4- 6 || total
-------------------------+-------+-------++-------
Melee: Dagger            |     1 |       ||     1
       Spear             |       |   186 ||   186
       Bite              |       |    14 ||    14
       Punch             |       |     2 ||     2
 Fire: Sling             |    52 |    11 ||    63
 Cast: Magic Dart        |    71 |    72 ||   143
       Blink             |       |     2 ||     2
 Stab: Sleeping          |       |    11 ||    11
Armor: Robe              |    14 |    23 ||    37
       Chain mail        |       |    23 ||    23
Dodge: Dodged            |    39 |    95 ||   134

Table legend: (Time is in decaauts)
 A = Elapsed time spent in this place.
 B = Non-inter-level travel time spent in this place.
 C = Inter-level travel time spent in this place.
 D = Time resting spent in this place.
 E = Time spent auto-exploring this place.
 F = Levels seen in this place.
 G = Mean time per level.
                   A        B        C        D        E       F      G
               +--------+--------+--------+--------+--------+-----+--------+
         Total |   6642 |   6359 |    283 |   1672 |   3246 |   5 | 1328.4 |
       Dungeon |   6166 |   5966 |    200 |   1672 |   2861 |   4 | 1541.5 |
        Temple |    475 |    392 |     83 |      0 |    385 |   1 |  475.0 |
               +--------+--------+--------+--------+--------+-----+--------+

Top non-repeatable levels by time:
     D:3: 2218 daAuts
     D:2: 1643 daAuts
     D:1: 1422 daAuts
     D:4: 882 daAuts
  Temple: 475 daAuts
